AoeStats
← 青山新雨 夜观星河

Black Forest

506398835Analyzed
4v4 RM · 20d ago on Sep 13, 2026· 65m 11s· 8 players
Game mode
Random Map
Map size
Large (8 player)
Population
200
Speed
Normal
Resources
Standard
Victory
Conquest
Starting age
Dark Age
Ending age
Imperial Age
RankedLock teamsTeams togetherTeam positionsShared explorationLock speedFull tech treeHidden civsTurbo modeCheats
Victory
Defeat
🇨🇳 Burgundians · China
1117
+16
1116
+16
🇹🇼 Cumans · Taiwan
1084
+17
🇹🇼 Britons · Taiwan
1052
+19
🇹🇼 Spanish · Taiwan
1168
-19
🇩🇪 Sicilians · Germany
1117
-17
🇫🇷 Tatars · France
1112
-17
🇺🇸 Lithuanians · United States
1061
-15
Sunny
0:28 Loom
14:25 Feudal Age
15:07 Double-Bit Axe
19:27 Castle Age
21:12 Bow Saw
20:45 Horse Collar
20:48 Fishing Lines
22:52 Wheelbarrow
28:56 Gold Mining
30:54 Scale Mail Armor
30:48 Stone Mining
31:31 Pikeman
32:13 Squires
32:30 Fletching
33:34 Caravan
33:51 Gillnets
34:01 Bodkin Arrow
34:25 Heavy Plow
35:38 Ballistics
35:01 Treadmill Crane
38:27 Imperial Age
36:13 Hand Cart
36:39 Fortified Wall
36:27 Murder Holes
36:44 Masonry
36:41 Padded Archer Armor
36:54 Forging
38:20 Yeomen
39:31 Conscription
38:32 Elite Longbowman
39:15 Bracer
39:54 Warwolf
40:39 Gold Shaft Mining
41:52 Siege Engineers
42:53 Chemistry
46:04 Leather Archer Armor
46:24 Iron Casting
46:06 Chain Mail Armor
45:13 Halberdier
56:00 Architecture
56:36 Two-Man Saw
涛哥
0:32 Loom
13:50 Feudal Age
13:05 Horse Collar
13:22 Double-Bit Axe
17:38 Castle Age
18:18 Bow Saw
23:28 Heavy Plow
23:44 Gold Mining
27:22 Gold Shaft Mining
30:00 Wheelbarrow
29:44 Burgundian Vineyards
30:05 Fletching
30:16 Padded Archer Armor
30:21 Scale Barding Armor
30:16 Scale Mail Armor
33:20 Imperial Age
30:58 Squires
32:36 Two-Man Saw
31:59 Ballistics
32:08 Husbandry
32:21 Scale Barding Armor
32:17 Scale Mail Armor
32:27 Forging
32:08 Fletching
32:18 Padded Archer Armor
33:17 Crop Rotation
33:16 Stone Mining
33:49 Hand Cart
33:01 Light Cavalry
34:29 Conscription
34:25 Pikeman
36:47 Chemistry
37:12 Forging
38:26 Caravan
40:34 Chain Barding Armor
40:29 Chain Mail Armor
40:50 Iron Casting
41:54 Hussar
41:55 Cavalier
43:17 Plate Barding Armor
43:13 Plate Mail Armor
42:13 Halberdier
44:27 Onager
48:14 Elite Coustillier
51:44 Blast Furnace
55:23 Elite Skirmisher
61:52 Bodkin Arrow
61:58 Padded Archer Armor
62:22 Bombard Tower
61:43 Treadmill Crane
62:13 Masonry
62:45 Flemish Revolution
64:35 Bracer
64:51 Leather Archer Armor
Huang622
1:08 Loom
12:12 Feudal Age
16:38 Double-Bit Axe
20:49 Wheelbarrow
23:19 Castle Age
23:19 Forging
23:14 Scale Barding Armor
23:10 Scale Mail Armor
24:34 Bow Saw
24:28 Horse Collar
26:17 Iron Casting
26:03 Chain Barding Armor
26:07 Capped Ram
30:55 Gold Mining
31:30 Bloodlines
35:03 Imperial Age
35:16 Gold Shaft Mining
35:14 Hand Cart
35:39 Chain Mail Armor
34:49 Light Cavalry
36:58 Blast Furnace
37:08 Two-Man Saw
36:02 Fletching
36:12 Padded Archer Armor
36:49 Plate Barding Armor
35:39 Hussar
37:33 Ballistics
37:17 Heavy Plow
38:03 Elite Kipchak
38:47 Steppe Husbandry
39:59 Town Watch
41:04 Crop Rotation
41:43 Bodkin Arrow
42:03 Leather Archer Armor
42:51 Chemistry
41:41 Pikeman
42:22 Squires
42:08 Arson
43:48 Siege Ram
45:23 Ring Archer Armor
45:24 Plate Mail Armor
46:11 Conscription
46:15 Stone Mining
青山新雨 夜观星河
9:30 Loom
11:56 Feudal Age
15:46 Castle Age
13:48 Double-Bit Axe
13:46 Horse Collar
18:37 Wheelbarrow
19:35 Fervor
23:39 Heavy Plow
24:54 Bow Saw
29:43 Imperial Age
28:13 Hand Cart
29:28 Chemistry
28:49 Ballistics
28:23 Fletching
28:44 Pikeman
29:25 Squires
29:23 Bodkin Arrow
29:30 Scale Mail Armor
29:51 Murder Holes
31:36 Two-Man Saw
29:58 Halberdier
30:42 Bracer
31:27 Conscription
31:30 Wagenburg Tactics
33:15 Chain Mail Armor
33:11 Forging
37:04 Plate Mail Armor
37:10 Iron Casting
37:42 Caravan
38:09 Houfnice
43:54 Elite Hussite Wagon
46:38 Blast Furnace
45:38 Padded Archer Armor
45:44 Scale Barding Armor
50:43 Chain Barding Armor
50:39 Leather Archer Armor
53:47 Coinage
55:56 Ring Archer Armor
62:15 Banking
63:15 Guilds
63:17 Siege Engineers
63:34 Bombard Tower
Ben
2:59 Loom
10:37 Feudal Age
13:27 Wheelbarrow
12:33 Horse Collar
12:54 Double-Bit Axe
17:10 Castle Age
19:18 Fervor
19:26 Hand Cart
19:24 Bow Saw
19:34 Heavy Plow
23:51 Caravan
29:17 Scale Barding Armor
29:23 Forging
29:39 Ballistics
29:21 Murder Holes
29:40 Masonry
33:56 Imperial Age
33:06 Chain Barding Armor
33:22 Iron Casting
34:18 Elite Leitis
35:04 Tower Shields
35:26 Conscription
35:56 Fletching
36:42 Plate Barding Armor
37:29 Chemistry
42:44 Crop Rotation
44:25 Bodkin Arrow
44:31 Padded Archer Armor
46:55 Two-Man Saw
46:53 Hoardings
47:01 Scale Mail Armor
47:02 Bracer
47:17 Leather Archer Armor
CookMan
11:44 Feudal Age
12:11 Horse Collar
12:20 Double-Bit Axe
14:50 Gold Mining
18:17 Castle Age
16:29 Gold Mining
17:21 Gold Mining
17:33 Stone Mining
18:41 Wheelbarrow
18:25 Forging
18:17 Scale Mail Armor
18:29 Scale Barding Armor
19:31 Wheelbarrow
19:39 Bow Saw
20:25 Heavy Plow
22:33 Gold Shaft Mining
25:34 Stone Shaft Mining
32:20 Imperial Age
31:05 Iron Casting
30:46 Chain Mail Armor
33:10 Heavy Scorpion
35:25 Hand Cart
34:50 Man-at-Arms
35:17 Gambesons
35:34 Squires
36:05 Plate Mail Armor
36:36 Blast Furnace
35:32 Long Swordsman
36:35 Conscription
36:57 Hoardings
36:18 Two-Handed Swordsman
37:17 Champion
38:33 Padded Archer Armor
38:24 Fletching
41:18 Elite Serjeant
42:10 Hauberk
42:17 Hauberk
42:39 Ballistics
43:19 Chemistry
42:27 Siege Engineers
42:34 Masonry
43:52 First Crusade
43:58 Onager
47:06 Leather Archer Armor
46:46 Bodkin Arrow
47:59 Siege Onager
BlueBoss
0:45 Loom
11:45 Feudal Age
16:46 Wheelbarrow
20:15 Castle Age
18:13 Fishing Lines
19:51 Double-Bit Axe
19:51 Horse Collar
22:43 Bow Saw
22:33 Heavy Plow
27:50 Pikeman
28:31 Squires
28:39 Scale Mail Armor
28:49 Forging
31:09 Fletching
33:52 Imperial Age
31:09 Town Watch
32:44 Murder Holes
33:13 Bodkin Arrow
35:08 Hand Cart
35:11 Fortified Wall
36:02 Chemistry
35:04 Bracer
35:41 Crop Rotation
35:56 Halberdier
36:39 Padded Archer Armor
36:45 Scale Barding Armor
38:55 Iron Casting
39:14 Conscription
38:21 Crossbowman
40:04 Siege Engineers
40:10 Masonry
40:24 Timurid Siegecraft
40:23 Arson
40:49 Heavy Cavalry Archer
41:46 Elite Keshik
44:10 Silk Armor
43:47 Sappers
45:50 Blast Furnace
45:06 Leather Archer Armor
45:18 Ballistics
44:58 Onager
47:10 Gold Mining
47:11 Stone Mining
58:25 Husbandry
58:35 Bloodlines
57:47 Light Cavalry
57:49 Elite Steppe Lancer
59:01 Chain Barding Armor
58:45 Caravan
TigerBitePig
1:27 Loom
11:12 Feudal Age
16:23 Castle Age
15:11 Double-Bit Axe
15:09 Horse Collar
18:16 Bow Saw
23:57 Heavy Plow
25:50 Wheelbarrow
28:40 Gold Mining
31:45 Imperial Age
29:34 Scale Barding Armor
29:52 Bloodlines
29:42 Husbandry
30:51 Chain Barding Armor
31:29 Hand Cart
31:33 Forging
33:14 Plate Barding Armor
32:02 Cavalier
33:47 Two-Man Saw
33:23 Paladin
34:41 Iron Casting
34:45 Conscription
34:44 Fletching
34:55 Padded Archer Armor
34:32 Elite Conquistador
36:41 Chemistry
36:03 Ballistics
35:08 Elite Skirmisher
36:11 Thumb Ring
36:23 Bodkin Arrow
37:08 Bracer
37:24 Leather Archer Armor
37:34 Fortified Wall
40:38 Ring Archer Armor
41:09 Blast Furnace
44:44 Masonry
51:27 Scale Mail Armor
52:10 Pikeman
52:50 Squires
52:36 Arson
58:10 Chain Mail Armor
57:30 Halberdier
Connection lost

Rejoining the realm…

Still unreachable

The connection could not be restored.

Session expired

The server has moved on; the page needs a fresh start.